 Dungeon Crawl Stone Soup version 0.23-a0-369-g357f654 (webtiles) character file.

98 Cryolive the Digger (level 4, -1/24 HPs)
             Began as a Gargoyle Earth Elementalist on Oct 24, 2018.
             Slain by a gnoll
             ... wielding a +0 halberd
              (2 damage)
             ... on level 3 of the Dungeon.
             The game lasted 00:06:01 (1378 turns).

Cryolive the Digger (Gargoyle Earth Elementalist)   Turns: 1378, Time: 00:06:01

Health: -1/24      AC:  5    Str: 11    XL:     4   Next: 71%
Magic:  8/8        EV: 12    Int: 17    God:
Gold:   113        SH:  0    Dex: 10    Spells: 5/9 levels left

rFire    . . .     SeeInvis .   s - +0 morningstar
rCold    . . .     Gourm    .   (no shield)
rNeg     + . .     Faith    .   c - +0 robe
rPois    ∞         Spirit   .   (no helmet)
rElec    +         Reflect  .   (no cloak)
rCorr    .         Harm     .   (no gloves)
MR       .....                  (no boots)
Stlth    ++........             (no amulet)
HPRegen  0.08/turn              (no ring)
MPRegen  0.11/turn              (no ring)

@: no status effects
A: negative energy resistance 1, electricity resistance, unbreathing,
petrification resistance, rot immunity, AC +3
a: no special abilities


You were on level 3 of the Dungeon.
You were not hungry.

You visited 1 branch of the dungeon, and saw 3 of its levels.

You collected 113 gold pieces.

Inventory:

Hand Weapons
 r - a +0 short sword of flaming
 s - a +0 morningstar (weapon)
 t - a +2 dagger of venom
Missiles
 b - 75 stones (quivered)
Armour
 c - a +0 robe (worn)
 h - a +0 shield
Jewellery
 f - an uncursed ring of positive energy {unknown}
 o - an uncursed ring of magical power {unknown}
 q - an uncursed amulet of the gourmand {unknown}
Scrolls
 a - a scroll of amnesia {unknown}
 e - 7 scrolls of identify {unknown}
 g - a scroll of enchant weapon {unknown}
 i - a scroll of noise {unknown}
 k - a scroll of teleportation {unknown}
 l - 3 scrolls of random uselessness {unknown}
 m - a scroll of magic mapping {unknown}
 p - a scroll of blinking {unknown}
Potions
 n - a potion of might {unknown}
 u - a potion of curing {unknown}
Comestibles
 d - 5 rations


   Skills:
 - Level 1.5 Dodging
 - Level 2.1 Stealth
 + Level 3.2 Spellcasting
 + Level 1.2 Conjurations
   Level 0.7 Transmutations
 + Level 5.0 Earth Magic


You had 5 spell levels left.
You knew the following spells:

 Your Spells              Type           Power        Failure   Level  Hunger
a - Sandblast             Erth           ###...       2%          1    None
b - Stone Arrow           Conj/Erth      ##....       14%         3    ###....

Your spell library contained the following spells:

 Spells                   Type           Power        Failure   Level  Hunger
 Passwall                 Tmut/Erth      ##......     8%          2    ##.....
 Petrify                  Tmut/Erth      ##......     45%         4    ####...
 Lee's Rapid Deconstruct  Erth           ###.......   52%         5    ######.


Dungeon Overview and Level Annotations

Branches:
Dungeon (3/15)

Altars:

Annotations:
D:3 Terence


Innate Abilities, Weirdness & Mutations

You are resistant to torment.
Your stone body is resilient. (AC +3)
You are immune to poison.
You resist negative energy. (rN+)
You are resistant to electric shocks. (rElec)
You can survive without breathing.
You are immune to petrification.
You are immune to rotting.


Message History

Ye miss tha quokka.
Tha quokka misses ye.
Tha quokka closely misses ye.
Ye completely miss tha quokka.
Tha quokka bites ye.
Ye closely miss tha quokka.
Tha quokka bites ye.
Tha quokka closely misses ye.
Ye thump tha quokka!
Ye kill tha quokka!
Eatin' a chunk o' flesh.
Ye eat tha chunk o' flesh. 'tis raw flesh tastes terrible.
Thar be a stone staircase leadin' up 'ere.
A gnoll comes inta view.
A gnoll comes inta view.
It be wieldin' a +0 halberd.
Tha gnoll shouts!
Ye hear a shout! x3
A gnoll comes inta view.
It be wieldin' a +0 halberd.
Tha gnoll hits ye from afar wit' a +0 halberd!
Ouch! Tha re'lly hurt!
* * * LOW HITPOINT WARNIN'
* * * Tha gnoll hits ye from afar wit' a +0 halberd.
* * * LOW HITPOINT WARNIN'
* * * A gnoll comes inta view.
It be wieldin' a -2 halberd.
Tha gnoll hits ye from afar wit' a +0 halberd.
Ye die...

....####.#
###.......#.##.#..
.........#
#.......#.#....#..
..#.######
#.#g.##.#......... †.#.#
#.......#......... #.#.#
##########.#g##............
#.#.#
#..........g...............
....#
#>#(##<###.g......[......##
##### #@#.##.#
#.##)##.###.....## #.#.##.#
#@##.##.# ###.#... #.#.##.#
#.......# #.#.## #.#.##.#
####.#### #..... #......##
###.### ###.## #.......#
#.....# #.# #.#.###.#
#.....# #.# #.#.###.#
#.....# ####.## #.#..##.#
#.....# #...... #.##.##.#
#.....#####.##.#.


You could see 4 gnolls.

Vanquished Creatures
  An orc wizard (D:3)
  An adder (D:2)
  2 worms
  4 dart slugs
  2 orcs (D:3)
  A ball python (D:2)
  3 giant cockroaches
  5 goblins
  6 hobgoblins
  A quokka (D:3)
  6 bats
  3 frilled lizards
  3 kobolds (D:1)
  9 rats
47 creatures vanquished.

Notes
Turn   | Place    | Note
-------+----------+-------------------------------------------
     0 | D:1      | Cryolive the Gargoyle Earth Elementalist began the quest
                  | for the Orb.
     0 | D:1      | Reached XP level 1. HP: 10/10 MP: 3/3
   111 | D:1      | Reached XP level 2. HP: 8/15 MP: 3/5
   112 | D:1      | Reached skill level 4 in Earth Magic
   533 | D:1      | Reached XP level 3. HP: 19/19 MP: 4/6
   880 | D:2      | You fall through a shaft!
   915 | D:3      | Learned a level 3 spell: Stone Arrow
   976 | D:3      | Reached XP level 4. HP: 17/24 MP: 4/8
  1078 | D:3      | Reached skill level 1 in Conjurations
  1078 | D:3      | Reached skill level 5 in Earth Magic
  1113 | D:3      | Noticed Terence
  1377 | D:3      | HP: 1/24 [gnoll/+0 halberd (5)]
  1378 | D:3      | Slain by a gnoll

Vault maps used:
D:1:      grunt_arrival_crossed_arrows, kennysheep_nondescript,
          minmay_pentomino_z4
D:2:      nicolae_tso_swordbearing_angel
D:3:      first_ration, uniq_terence

Skill      XL: |  1  2  3  4 |
---------------+-------------+-----
Earth Magic    | 4 5 |  5.0
Spellcasting   | 3 |  3.2
Conjurations   | 1 |  1.2
Dodging        | |  1.5
Stealth        | |  2.1
Transmutations | |  0.7

Action                   |  1- 3 |  4- 6 || total
-------------------------+-------+-------++-------
Melee: Short sword       |    24 |       ||    24
       Unarmed           |     4 |       ||     4
       Whip              |    24 |     9 ||    33
       Morningstar       |       |    24 ||    24
 Cast: Sandblast         |    27 |    11 ||    38
 Stab: Sleeping          |     2 |       ||     2
  Eat: Chunk             |       |     2 ||     2
Armor: Robe              |    13 |    11 ||    24
Dodge: Dodged            |    35 |    30 ||    65

Table legend:
 A = Non-vault XP
 B = Vault XP
 C = Vault XP percentage of total XP
 D = Non-vault monster count
 E = Vault monster count
 F = Vault count percentage of total count
                 A         B        C        D         E       F
            +---------+---------+-------+---------+---------+-------
      Total |     136 |       5 |   3.5 |      43 |       4 |   8.5
            +---------+---------+-------+---------+---------+-------
        D:1 |      38 |       5 |  11.6 |      21 |       4 |  16.0
        D:2 |      28 |       0 |   0.0 |       7 |       0 |   0.0
        D:3 |      70 |       0 |   0.0 |      15 |       0 |   0.0
            +---------+---------+-------+---------+---------+-------
